 Dungeon Crawl Stone Soup version 0.31-a0-358-gac0dbeb3ab (webtiles) character file.

Game seed: 2626817168343616546

67 CraigForest the Ruffian (level 3, -7/29 (33) HPs)
             Began as a Draconian Berserker on July 25, 2023.
             Was an Initiate of Elyvilon.
             Mangled by Terence
             ... wielding the +7 Throatcutter {drain, coup de grace}
              (9 damage)
             ... on level 3 of the Dungeon.
             The game lasted 00:06:31 (1357 turns).

CraigForest the Ruffian (Draconian Berserker)       Turns: 1357, Time: 00:06:32

HP:   -7/29 (33)    AC:  5    Str: 21    XL:     3   Next: 98%
MP:   3/3           EV: 13    Int:  7    God:    Elyvilon [......]
Gold: 39            SH:  0    Dex: 16    Spells: 2/2 levels left

rFire   . .          .
                       - Unarmed
rCold   . . .        (no shield)
rNeg    . . .        (body armour unavailable)
rPois   .            (helmet restricted)
rElec   .            (no cloak)
rCorr   .            (no gloves)
SInv    .            (no boots)
Will    .....        (no amulet)
Stlth   +            g - +6 ring of dexterity
HPRegen 0.24/turn    (no ring)
MPRegen 0.08/turn

%: no passive effects
@: heavily drained
A: AC +5, unfitting armour, cold-blooded
a: Renounce Religion


You were on level 3 of the Dungeon.
You worshipped Elyvilon.
Elyvilon was noncommittal.
You visited 1 branch of the dungeon, and saw 3 of its levels.

You collected 39 gold pieces.

Inventory:

Hand Weapons
 j - a +0 hand axe
Jewellery
 a - a ring of wizardry
 g - a +6 ring of dexterity (left hand)
Scrolls
 d - 2 scrolls of poison {unknown}
 e - 4 scrolls of teleportation
 f - 2 scrolls of identify {unknown}
 i - 5 scrolls of immolation
 n - a scroll of silence {unknown}
 o - a scroll of revelation {unknown}
Potions
 b - a potion of curing {unknown}
 c - 2 potions of enlightenment {unknown}
 h - 2 potions of heal wounds {unknown}
 k - a potion of magic {unknown}
 l - a potion of mutation {unknown}
 m - a potion of might {unknown}


   Skills:
 + Level 3.7 Fighting
 + Level 3.1 Dodging
 + Level 0.1 Stealth
 * Level 4.2 Unarmed Combat


You had 2 spell levels left.
You didn't know any spells.
Your spell library contained the following spells:

 Spells                   Type           Power      Damage    Failure   Level
 Summon Small Mammal      Summ           0%         N/A       43%         1
 Call Canine Familiar     Summ           0%         N/A       80%         3
 Gell's Gravitas          Tloc           0%         N/A       80%         3
 Summon Guardian Golem    Hex/Summ       0%         N/A       80%         3
 Teleport Other           Tloc           0%         N/A       80%         3
 Dispersal                Tloc           0%         N/A       100%        6


Dungeon Overview and Level Annotations

Branches:
Dungeon (3/15)

Altars:
Elyvilon

Annotations:
D:3 Terence


Innate Abilities, Weirdness & Mutations

Your plain brown scales are hard. (AC +5)
You cannot fit into any form of body armour.
You are cold-blooded and may be slowed by cold attacks.


Message History

The hobgoblin closely misses you.
You hit the hobgoblin.
You kill the hobgoblin!
You see here a hobgoblin corpse.
d - 2 scrolls labelled IRROMA UWAHO (gained 1)
Found a book of Callings.
Found a scroll labelled NIRAMEIJEC.
Found a scroll labelled SYGIJAZAGI.
You pick up a book of Callings and begin reading...
You add the spells Summon Small Mammal, Call Canine Familiar and Summon Guardian Golem to your library.
Found a scroll labelled TUNUSH DOLOTH.
Found a stone staircase leading down.
n - a scroll labelled NIRAMEIJEC
o - a scroll labelled TUNUSH DOLOTH
h - 2 emerald potions (gained 1)
There is a stone staircase leading down here.
Terence the Incautious comes into view.
He is wielding the +7 Throatcutter {drain, coup de grace}.
A worm comes into view.
Terence shouts!
You hit Terence. You tail-slap Terence.
Terence is moderately wounded.
Terence hits you with the +7 Throatcutter {drain, coup de grace}!
You feel drained.
You hit Terence but do no damage.
Terence is moderately wounded.
Terence hits you with the +7 Throatcutter {drain, coup de grace}.
You feel drained.
You hit Terence.
Terence is heavily wounded.
Terence shouts, "DIE!!!"
Terence hits you with the +7 Throatcutter {drain, coup de grace}!
* * * LOW HITPOINT WARNING * * *
You feel drained.
You hit Terence but do no damage.
Terence is heavily wounded.
Terence hits you but does no damage.
You feel drained.
Okay, then.
Terence attacks as you move away!
Terence hits you with the +7 Throatcutter {drain, coup de grace}!
You die...

.. #...............##...
####.##................#...
.................###...##..
.................# #.......
.....?...........# #.......
.................###.......
...........................
.........................†.
.......w.@@............(...
.......#####.####..........
....... #...............
....... ######..........
....... #.......... #######
#.......... #..........
#...####### #...#


You could see Terence and a worm.

Vanquished Creatures
  An adder (D:2)
  2 worms (D:2)
  A dart slug (D:1)
  3 ball pythons (D:1)
  2 giant cockroaches
  6 goblins
  5 hobgoblins
  8 jackals
  2 kobolds (D:1)
  4 quokkas
  3 bats (D:1)
  4 frilled lizards
  3 rats
44 creatures vanquished.

Notes
Turn   | Place    | Note
-------+----------+-------------------------------------------
     0 | D:1      | CraigForest the Draconian Berserker began the quest for the
                  | Orb.
     0 | D:1      | Reached XP level 1. HP: 19/19 MP: 1/1
   106 | D:1      | Found a faded altar of an unknown god.
   117 | D:1      | Reached XP level 2. HP: 26/26 MP: 2/2
   312 | D:1      | Reached XP level 3. HP: 22/31 MP: 3/3
   641 | D:2      | Reached ** piety under Trog
   916 | D:2      | Found a white marble altar of Elyvilon.
   923 | D:2      | Reached skill level 4 in Unarmed Combat
   957 | D:2      | Fell from the grace of Trog
   957 | D:2      | Became a worshipper of Elyvilon the Healer
  1344 | D:3      | Noticed Terence
  1352 | D:3      | HP: 1/31 [Terence/the +7 Throatcutter {drain, coup de
                  | grace} (12)]
  1357 | D:3      | Mangled by Terence

Illustrated notes

Levels and vault maps discovered:
D:1:      spicycebolla_arrival_clurvy, layout_rooms,
          hellmonk_ecumenical_altar_blasted
D:2:      layout_basic, basic_altar
D:3:      layout_basic, uniq_terence

Skill      XL: |  1  2  3 |
---------------+----------+-----
Dodging        | 3 |  3.1
Unarmed Combat | 4 |  4.2
Fighting       | |  3.7
Stealth        | |  0.1

Action                     || total
---------------------------++-------
  Melee: Unarmed           ||   141
         Tailslap          ||    18
         Punch             ||     4
    Use: Scroll            ||     1
 Armour: Skin              ||    53
  Dodge: Dodged            ||   144

Table legend: (Time is in decaauts)
 A = Elapsed time spent in this place.
 B = Non-inter-level travel time spent in this place.
 C = Inter-level travel time spent in this place.
 D = Time resting spent in this place.
 E = Time spent auto-exploring this place.
 F = Levels seen in this place.
 G = Mean time per level.
                   A        B        C        D        E       F      G
               +--------+--------+--------+--------+--------+-----+--------+
         Total |   1346 |   1158 |    188 |      0 |    856 |   3 |  448.7 |
       Dungeon |   1346 |   1158 |    188 |      0 |    856 |   3 |  448.7 |
               +--------+--------+--------+--------+--------+-----+--------+

Top non-repeatable levels by time:
     D:2: 636 daAuts
     D:1: 633 daAuts
     D:3: 76 daAuts
